 Dungeon Crawl Stone Soup version 0.26-a0-665-gefeb406119 (webtiles) character file.

Game seed: 9034147181030329195

292 robertstho the Poker (level 6, 0/49 HPs)
             Began as a Merfolk Fighter on Oct 14, 2020.
             Succumbed to a gnoll's poison
             ... on level 3 of the Dungeon.
             The game lasted 00:04:41 (3219 turns).

robertstho the Poker (Merfolk Fighter)              Turns: 3219, Time: 00:04:41

Health: 0/49       AC: 11    Str: 19    XL:     6   Next: 33%
Magic:  6/6        EV:  8    Int: 13    God:
Gold:   111        SH:  9    Dex: 13    Spells: 5/5 levels left

rFire    . . .     SeeInvis .   a - +0 trident
rCold    . . .     Faith    .   c - +0 kite shield
rNeg     . . .     Spirit   .   b - +0 scale mail
rPois    .         Reflect  .   n - +1 helmet
rElec    .         Harm     .   (no cloak)
rCorr    .         Rampage  .   (no gloves)
MR       .....                  m - +2 pair of boots
Stlth    ..........             q - amulet of magic regeneration
HPRegen  0.16/turn              u - +6 ring of intelligence
MPRegen  0.35/turn              (no ring)

@: lethally poisoned (0 -> -14), about to teleport, stab, hasted (expiring),
very quick
A: change form in water, swift swim, stealthy swim
a: no special abilities


You were on level 3 of the Dungeon.
You visited 1 branch of the dungeon, and saw 4 of its levels.

You collected 111 gold pieces.

Inventory:

Hand Weapons
 a - a +0 trident (weapon)
Armour
 b - a +0 scale mail (worn)
 c - a +0 kite shield (worn)
 m - a +2 pair of boots (worn)
 n - a +1 helmet (worn)
Jewellery
 q - an amulet of magic regeneration (around neck)
 u - a +6 ring of intelligence (left hand)
Wands
 h - a wand of flame (8)
Scrolls
 g - 3 scrolls of remove curse
 i - 3 scrolls of magic mapping
 p - 2 scrolls of identify
Potions
 d - a potion of might
 j - a potion of flight
 t - 2 potions of lignification


   Skills:
 * Level 4.6 Fighting
 * Level 6.3 Polearms
 + Level 2.7 Armour
 * Level 2.4 Dodging
 + Level 0.1 Stealth
 + Level 3.6 Shields


You had 5 spell levels left.
You didn't know any spells.
Your spell library was empty.

Dungeon Overview and Level Annotations

Branches:
Dungeon (4/15)
 Temple: D:4-7

Altars:
Trog
Vehumet
Wu Jian


Message History

You feel sick.
* * * LOW HITPOINT WARNING * * *
You feel sick.
As you read the scroll of fear, it crumbles to dust.
You assume a fearsome visage.
The gnoll looks frightened!
The moth of wrath looks frightened!
The gnoll looks frightened!
* * * LOW HITPOINT WARNING * * *
You feel sick.
Okay, then.
* * * LOW HITPOINT WARNING * * *
You feel sick.
Cornered, the moth of wrath turns to fight!
As you read the scroll of teleportation, it crumbles to dust.
You feel strangely unstable.
* * * LOW HITPOINT WARNING * * *
You feel sick.
* * * LOW HITPOINT WARNING * * *
You feel sick.
Your extra speed is starting to run out.
You die...

##...#########....###.##.#..#
##).......##.......###..#.##
###.########.......))##.##.#
###...########....#....#####.#
....#.......##...###..).# #.#
......g.#..)g....#y#._.)####.####
....##>.....##...###....#.......#
.......#######....#....##.......#
######## #..@......##.......# #
##.......##........#
##....############# ######


You could see a moth of wrath and a gnoll (fleeing).

Vanquished Creatures
  2 orc wizards
  2 worker ants (D:4)
  A gnoll (D:1)
  7 adders
  3 oozes (D:1)
  An adder zombie (D:3)
  4 worms
  5 dart slugs
  6 orcs
  2 ball pythons (D:1)
  8 bats
  4 giant cockroaches
  3 goblins
  7 hobgoblins
  A quokka (D:3)
  6 frilled lizards
  9 kobolds
  11 rats
82 creatures vanquished.

Vanquished Creatures (others)
  A plant (D:4)
1 creature vanquished.

Grand Total: 83 creatures vanquished

Notes
Turn   | Place    | Note
-------+----------+-------------------------------------------
     0 | D:1      | robertstho the Merfolk Fighter began the quest for the Orb.
     0 | D:1      | Reached XP level 1. HP: 18/18 MP: 1/1
    95 | D:1      | Reached XP level 2. HP: 22/24 MP: 2/2
   445 | D:1      | Reached XP level 3. HP: 30/30 MP: 3/3
  1192 | D:2      | Found an ornate altar of the Wu Jian Council.
  1285 | D:2      | Found a radiant altar of Vehumet.
  1287 | D:2      | Reached XP level 4. HP: 37/37 MP: 4/4
  1294 | D:2      | Reached skill level 1 in Dodging
  1300 | D:2      | Reached skill level 4 in Polearms
  1936 | D:2      | Reached XP level 5. HP: 20/42 MP: 5/5
  2278 | D:3      | Noticed a moth of wrath
  2282 | D:3      | Found a bloodstained altar of Trog.
  2559 | D:3      | Reached skill level 5 in Polearms
  3158 | D:4      | Reached XP level 6. HP: 42/49 MP: 6/6
  3173 | D:4      | Reached skill level 6 in Polearms
  3217 | D:3      | HP: 2/49 [poisoned by a gnoll]
  3219 | D:3      | Succumbed to a gnoll's poison

Illustrated notes

Levels and vault maps discovered:
D:1:      mainiacjoe_arrival_reflecting_pool, layout_basic
D:2:      layout_basic, nicolae_overflow_crystal_walls, vehumet_crystals,
          minmay_3d_cube
D:3:      layout_rooms, tgw_trog
D:4:      layout_cave_pools, zin_statuary, minmay_temple_entry_oklob

Skill      XL: |  1  2  3  4  5  6 |
---------------+-------------------+-----
Fighting       | 4 |  4.6
Dodging        | 1 2 |  2.4
Polearms       | 4 5 6 |  6.3
Armour         | |  2.7
Stealth        | |  0.1
Shields        | |  3.6

Action                   |  1- 3 |  4- 6 || total
-------------------------+-------+-------++-------
Melee: Trident           |   101 |   248 ||   349
  Use: Scroll            |       |    15 ||    15
       Potion            |       |     4 ||     4
Armor: Scale mail        |    38 |   117 ||   155
Dodge: Dodged            |    28 |    93 ||   121
Block: Kite shield       |    44 |   148 ||   192

Table legend: (Time is in decaauts)
 A = Elapsed time spent in this place.
 B = Non-inter-level travel time spent in this place.
 C = Inter-level travel time spent in this place.
 D = Time resting spent in this place.
 E = Time spent auto-exploring this place.
 F = Levels seen in this place.
 G = Mean time per level.
                   A        B        C        D        E       F      G
               +--------+--------+--------+--------+--------+-----+--------+
         Total |   3258 |   3202 |     56 |    192 |   2335 |   4 |  814.5 |
       Dungeon |   3258 |   3202 |     56 |    192 |   2335 |   4 |  814.5 |
               +--------+--------+--------+--------+--------+-----+--------+

Top non-repeatable levels by time:
     D:1: 1209 daAuts
     D:2: 1050 daAuts
     D:3: 956 daAuts
     D:4: 41 daAuts
